[Event "Late-Titled-Tuesday-Blitz-May-07-2024"]
[Site "Chess.com"]
[Date "2024.05.07"]
[Round "4"]
[White "Adar_07"]
[Black "Durarbayli"]
[Result "0-1"]
[WhiteElo "2733"]
[BlackElo "2951"]
[TimeControl "180+1"]
[EndTime "14:42:25 PDT"]
[Termination "Durarbayli won by checkmate"]

1. Nf3 c5 2. e4 d6 3. Bb5+ Bd7 4. Bxd7+ Qxd7 5. c4 Nc6 6. Nc3 g6 7. d4 Bg7 8. dxc5 Bxc3+ 9. bxc3 dxc5 10. Qc2 O-O-O 11. Be3 Qd3 12. Qxd3 Rxd3 13. Bxc5 Nf6 14. e5 Ne4 15. Be3 Rxc3 16. O-O Rxc4 17. Rfc1 Rxc1+ 18. Rxc1 Rd8 19. h4 Rd5 20. Bxa7 Ra5 21. Be3 Rxa2 22. Rc4 f5 23.
exf6 Nxf6 24. Ne5 Kc7 25. Bf4 Kb6 26. Be3+ Kc7 27. Bf4 Kd8 28. Nxc6+ bxc6 29. Rxc6 Kd7 30. Rc1 Ke6 31. f3 Ra4 32. Bg3 Nd5 33. Kh2 Ra2 34. Re1+ Kf7 35. Kh3 h5 36. Re5 e6 37. Re4 Ra1 38.
Be5 Rh1+ 39. Kg3 Ne7 40. Kf2 Nf5 41. g3 Rh2+ 42. Kg1 Ra2 43. Rc4 Ke8 44. Rc8+ Kd7 45.
Rc7+ Kd8 46. Rf7 Re2 47. Bf4 Ke8 48. Rf6 Ne7 49. Bg5 Re5 50. Rf4 Nd5 51. Rd4 Re2 52. Rd2 Re1+ 53. Kf2 Rb1 54. Re2 Kd7 55. Rc2 Rb3 56. Ra2 Nb4 57. Ra7+ Kd6 58. Be7+ Ke5 59. Bg5 Nd3+ 60. Ke2 Nc5 61. Bf4+ Kd5 62. Rc7 Rb2+ 63. Ke3 Rb3+ 64. Ke2 Rb5 65. Rg7 e5 66. Bg5 Rb2+ 67. Kf1 Nd3 68. Rd7+ Kc4 69. Rc7+ Kd4 70. Rd7+ Kc4 71. Rc7+ Kb5 72. Rb7+ Kc6 73. Rxb2 Nxb2 74. Ke2 Nc4 75. Kd3 Kd5 76. Ke2 Nd6 77. g4 Nc4 78. gxh5 gxh5 79. Kd3 Nd6 80. Ke3 Nf5+ 81. Kd3 Nd4 82.
Ke3 Ne6 83. Bf6 Nf4 84. Bg5 Ng6 85. Kd3 Nf8 86. Ke3 Nd7 87. Kd3 Ke6 88. Ke4 Nc5+ 89. Ke3 Kf5 90. Be7 Ne6 91. Bd6 Nd8 92. Be7 Nf7 93.
Bf8 Nh8 94. Be7 Ng6 95. Bg5 Nf8 96. Be7 Nd7 97. Bd8 Nb8 98. Be7 Nc6 99. Bg5 Nb4 100. Kf2 Nd5 101. Kg3 Nb4 102. Kf2 Nd3+ 103. Kg3 Ke6 104. Kg2 Kd5 105. Kf1 Kd4 106. Ke2 Nf4+ 107. Kd2 Ne6 108. Bf6 Nc5 109. Ke2 Nd7 110. Bg7 Kd5 111. Ke3 Ke6 112. Bh6 Kf5 113. Bg5 Nb6 114. Bd8 Nc4+ 115. Kd3 Nb2+ 116. Ke3 Nc4+ 117. Kf2 Nd6 118. Be7 Nf7 119. Ke3 Ke6 120. Bg5 Nxg5 121. hxg5 Kf5 122. Kd3 Kxg5 123. Ke4 h4 124. Kxe5 h3 125. f4+ Kh6 126. f5 h2 127. Ke6 h1=Q 128. Kf7 Qe4 129. f6 Kh7 130. Kf8 Kg6 131. f7 Qe6 132. Kg8 Qxf7+ 133. Kh8 Qh7# 0-1

[Event "Late-Titled-Tuesday-Blitz-May-07-2024"]
[Site "Chess.com"]
[Date "2024.05.07"]
[Round "5"]
[White "Magicmaster17"]
[Black "GWR2024"]
[Result "1-0"]
[WhiteElo "2881"]
[BlackElo "2170"]
[TimeControl "180+1"]
[EndTime "14:51:07 PDT"]
[Termination "Magicmaster17 won by resignation"]

1. Nf3 f5 2. d3 d5 3. c4 Nf6 4. cxd5 c6 5. dxc6 Nxc6 6. g3 e5 7. Bg2 Bd6 8. O-O O-O 9. Nc3 Bd7 10. Bg5 h6 11. Bxf6 Qxf6 12. Qb3+ Kh8 13. Qxb7 Rad8 14.
Rac1 f4 15. Ne4 Qe7 16. Rxc6 Bxc6 17. Qxc6 Bb8 18. Nh4 a6 1-0

[Event "Late-Titled-Tuesday-Blitz-May-07-2024"]
[Site "Chess.com"]
[Date "2024.05.07"]
[Round "5"]
[White "MarkusRagger"]
[Black "sudtirolese06"]
[Result "1-0"]
[WhiteElo "2797"]
[BlackElo "2459"]
[TimeControl "180+1"]
[EndTime "14:51:15 PDT"]
[Termination "MarkusRagger won by checkmate"]

1. d4 g6 2. e4 Bg7 3. Nf3 d6 4.
Be3 Nf6 5. Nc3 O-O 6. Qd2 c6 7. Bh6 b5 8. Bd3 Nbd7 9. h4 b4 10. Ne2 a5 11. h5 Ba6 12. hxg6 fxg6 13. Bxg7 Kxg7 14. Nf4 Kg8 15. Ne6 Qb6 16. Qh6 Bxd3 17. Qg7# 1-0

[Event "Late-Titled-Tuesday-Blitz-May-07-2024"]
[Site "Chess.com"]
[Date "2024.05.07"]
[Round "5"]
[White "Dedic8"]
[Black "only_strong_moves"]
[Result "1-0"]
[WhiteElo "2871"]
[BlackElo "2692"]
[TimeControl "180+1"]
[EndTime "14:51:38 PDT"]
[Termination "Dedic8 won by resignation"]

1. e4 e5 2. Nf3 Nc6 3. Bb5 a6 4. Ba4 Nge7 5. Nc3 d6 6. d4 exd4 7. Nxd4 Bd7 8. Nxc6 Nxc6 9. O-O Be7 10. Nd5 O-O 11. c3 Re8 12. Nxe7+ Qxe7 13. Bc2 Rad8 14. f4 Qf6 15. Bd2 Ne7 16. Qf3 Ng6 17. Rae1 Bc6 18. Qh5 Qh4 19. Qxh4 Nxh4 20. f5 d5 21. Bg5 dxe4 22.
Bxh4 Rd2 23. Rf2 Red8 24. Bxd8 1-0

[Event "Late-Titled-Tuesday-Blitz-May-07-2024"]
[Site "Chess.com"]
[Date "2024.05.07"]
[Round "5"]
[White "Iball95"]
[Black "Karacsonyi_Gellert"]
[Result "1-0"]
[WhiteElo "2896"]
[BlackElo "2705"]
[TimeControl "180+1"]
[EndTime "14:51:51 PDT"]
[Termination "Iball95 won by resignation"]

1. e4 c5 2. Nf3 Nc6 3. Nc3 g6 4. d4 cxd4 5. Nxd4 Bg7 6. Nxc6 bxc6 7. Bc4 d6 8. O-O Nf6 9. e5 dxe5 10. Qxd8+ Kxd8 11. Re1 e6 12. Rxe5 Nd5 13. Re2 Nxc3 14. bxc3 Bxc3 15. Rb1 Kc7 16. Bf4+ e5 17. Rxe5 Kd8 18.
Re3 Bd4 19. Rd1 c5 20. c3 1-0

[Event "Late-Titled-Tuesday-Blitz-May-07-2024"]
[Site "Chess.com"]
[Date "2024.05.07"]
[Round "5"]
[White "eljanov"]
[Black "Bryanl106"]
[Result "0-1"]
[WhiteElo "2858"]
[BlackElo "2708"]
[TimeControl "180+1"]
[EndTime "14:51:54 PDT"]
[Termination "Bryanl106 won by resignation"]

1. d4 Nf6 2. c4 c5 3. d5 g6 4. Nc3 Bg7 5. e4 d6 6. h3 O-O 7. Nf3 e6 8. Bd3 Na6 9. O-O Nc7 10. Bg5 h6 11. Bd2 e5 12. Rb1 b6 13. a3 Nh5 14.
Qc1 Kh7 15. Ne2 Qf6 16. Ng5+ Kg8 17. g4 hxg5 18. gxh5 Qf3 0-1

[Event "Late-Titled-Tuesday-Blitz-May-07-2024"]
[Site "Chess.com"]
[Date "2024.05.07"]
[Round "5"]
[White "1g60-1"]
[Black "th3d4rkness"]
[Result "1-0"]
[WhiteElo "2438"]
[BlackElo "2208"]
[TimeControl "180+1"]
[EndTime "14:52:00 PDT"]
[Termination "1g60-1 won by resignation"]

1. Nf3 Nf6 2. e3 g6 3. c4 Bg7 4. Nc3 d6 5. d4 O-O 6. Be2 Nc6 7. O-O e5 8. d5 Ne7 9. e4 a5 10. h3 Nd7 11. Be3 f5 12. Ng5 f4 13. Ne6 Qe8 14.
Bd2 Nc5 15. Nxc7 Qd8 16. Nxa8 Bd7 17. Bg4 Bxg4 18. Qxg4 Qxa8 19. Nb5 h5 20. Qf3 Qd8 21. b3 g5 22. Rfe1 g4 23. hxg4 hxg4 24. Qxg4 Rf5 25. exf5 1-0

[Event "Late-Titled-Tuesday-Blitz-May-07-2024"]
[Site "Chess.com"]
[Date "2024.05.07"]
[Round "5"]
[White "PNEPaul"]
[Black "NM_Koval"]
[Result "0-1"]
[WhiteElo "1942"]
[BlackElo "2241"]
[TimeControl "180+1"]
[EndTime "14:52:03 PDT"]
[Termination "NM_Koval won by checkmate"]

1. e4 c5 2. Nf3 d6 3. d4 cxd4 4. c3 Nf6 5. Bd3 dxc3 6. Nxc3 e6 7.
Bf4 Nc6 8. Qe2 a6 9. Rd1 Qc7 10. a3 h6 11. Bb1 Be7 12. e5 dxe5 13. Nxe5 Nxe5 14. Bxe5 Qc6 15. O-O Bd7 16. h3 Rd8 17. Bxf6 gxf6 18. Ne4 f5 19. Ng3 Rg8 20. Rfe1 Kf8 21.
Nxf5 Qxg2# 0-1

[Event "Late-Titled-Tuesday-Blitz-May-07-2024"]
[Site "Chess.com"]
[Date "2024.05.07"]
[Round "5"]
[White "mfschulz"]
[Black "ubdip"]
[Result "1-0"]
[WhiteElo "2339"]
[BlackElo "2496"]
[TimeControl "180+1"]
[EndTime "14:52:11 PDT"]
[Termination "mfschulz won by resignation"]

1. d4 Nf6 2. Bg5 b6 3. Bxf6 exf6 4. e3 Bb7 5. Nf3 d5 6. c4 dxc4 7. Bxc4 Bd6 8. Nc3 Nd7 9. O-O f5 10. Nb5 Be7 11. Rc1 c6 12. Nc3 O-O 13. Qc2 g6 14. Ne5 Nxe5 15. dxe5 Rc8 16. Rfd1 Qc7 17. e6 f6 18. Rd7 Qb8 19. Rxe7 b5 20. Rxb7 b4 21. Rxb8 1-0

[Event "Late-Titled-Tuesday-Blitz-May-07-2024"]
[Site "Chess.com"]
[Date "2024.05.07"]
[Round "5"]
[White "LeninGuerra"]
[Black "DonMicheleCorleone"]
[Result "1-0"]
[WhiteElo "2665"]
[BlackElo "2502"]
[TimeControl "180+1"]
[EndTime "14:52:22 PDT"]
[Termination "LeninGuerra won by checkmate"]

1. e4 d5 2. exd5 Qxd5 3. d4 Nf6 4. Nf3 Bg4 5. Be2 Nc6 6. Be3 O-O-O 7. Nbd2 e5 8. c4 Qa5 9. d5 Nd4 10. Nxd4 exd4 11.
Bxg4+ Kb8 12. Bxd4 Bb4 13. Be2 Rhe8 14. Bc3 Ne4 15.
Nxe4 Rxe4 16. O-O Bxc3 17. bxc3 Qxc3 18. Rc1 Qe5 19. Bf3 Rd4 20. Qb3 Re8 21. d6 b6 22.
dxc7+ Qxc7 23. c5 Rc8 24. cxb6 Qxc1 25. bxa7+ Kxa7 26. Qb7# 1-0

[Event "Late-Titled-Tuesday-Blitz-May-07-2024"]
[Site "Chess.com"]
[Date "2024.05.07"]
[Round "5"]
[White "IlanSchnaider"]
[Black "GrotBchess"]
[Result "1-0"]
[WhiteElo "2712"]
[BlackElo "2515"]
[TimeControl "180+1"]
[EndTime "14:52:29 PDT"]
[Termination "IlanSchnaider won by checkmate"]

1. e4 c5 2. c3 Nf6 3. e5 Nd5 4. Nf3 e6 5. Bc4 d6 6. exd6 Bxd6 7. d4 cxd4 8. Qxd4 O-O 9. O-O Nc6 10. Qg4 Nf6 11. Qh4 h6 12. Rd1 Bxh2+ 13. Kxh2 Qxd1 14. Bxh6 gxh6 15. Qxf6 Qd6+ 16. g3 Qd1 17. Nbd2 Qxa1 18.
Qxh6 f6 19. Qg6+ Kh8 20. Bd3 f5 21. Ng5 Ne5 22. Qh6+ Kg8 23. Qh7# 1-0

[Event "Late-Titled-Tuesday-Blitz-May-07-2024"]
[Site "Chess.com"]
[Date "2024.05.07"]
[Round "5"]
[White "OparinGrigoriy"]
[Black "cristianserban1"]
[Result "1-0"]
[WhiteElo "2985"]
[BlackElo "2632"]
[TimeControl "180+1"]
[EndTime "14:52:35 PDT"]
[Termination "OparinGrigoriy won by resignation"]

1. Nc3 d5 2. d4 Nf6 3. Bf4 c5 4. e3 cxd4 5. exd4 a6 6. Nf3 Nc6 7. Ne5 Bd7 8. Ne2 e6 9. c3 Nxe5 10. Bxe5 Qb6 11. Qb3 Qxb3 12. axb3 Bb5 13. Nc1 Bxf1 14.
Kxf1 Ne4 15. Ke2 f6 16. Bg3 Bd6 17. Nd3 Kf7 18. Bxd6 Nxd6 19. f3 h5 20. Kf2 h4 21.
Rhe1 g5 22. Nc5 Rhe8 23. Rad1 b6 24. Nd3 a5 25. Ra1 Rac8 26. Re2 Re7 27. Rae1 Rc6 28. b4 Nc4 29. bxa5 Nxa5 30. Nb4 Rc8 31. Nxd5 1-0

[Event "Late-Titled-Tuesday-Blitz-May-07-2024"]
[Site "Chess.com"]
[Date "2024.05.07"]
[Round "5"]
[White "Gareth-Bale11"]
[Black "aa175"]
[Result "1-0"]
[WhiteElo "2900"]
[BlackElo "2740"]
[TimeControl "180+1"]
[EndTime "14:52:38 PDT"]
[Termination "Gareth-Bale11 won by resignation"]

1. d4 Nf6 2. c4 g6 3. Nc3 d5 4. cxd5 Nxd5 5. e4 Nxc3 6. bxc3 Bg7 7. Qa4+ Nd7 8. Nf3 O-O 9. Qa3 c5 10. Be2 b6 11. O-O Bb7 12. e5 e6 13. Bg5 Qc7 14. Rac1 Qc6 15. Qb2 Qd5 16. Rfd1 Qe4 17.
h3 Rfc8 18. Nh4 Qc6 19. Nf3 c4 20. Ne1 Qxg2+ 21. Nxg2 1-0

[Event "Late-Titled-Tuesday-Blitz-May-07-2024"]
[Site "Chess.com"]
[Date "2024.05.07"]
[Round "5"]
[White "MrKGG1"]
[Black "mbojan"]
[Result "0-1"]
[WhiteElo "2711"]
[BlackElo "2901"]
[TimeControl "180+1"]
[EndTime "14:52:41 PDT"]
[Termination "mbojan won by resignation"]

1. e4 c5 2. Nc3 e6 3. g3 d5 4. Bg2 dxe4 5. Nxe4 Be7 6. Ne2 Nc6 7. O-O Nf6 8. N2c3 O-O 9. d3 Nd4 10. Nxf6+ Bxf6 11. Ne4 Be7 12. Bf4 Nf5 13. h4 Bd7 14. h5 Bc6 15. h6 g6 16. g4 Nh4 17.
Bh1 f5 18. Ng3 Bxh1 19. Kxh1 Qd5+ 20. f3 fxg4 0-1

[Event "Late-Titled-Tuesday-Blitz-May-07-2024"]
[Site "Chess.com"]
[Date "2024.05.07"]
[Round "5"]
[White "maximnovik"]
[Black "manitodeplomo"]
[Result "1-0"]
[WhiteElo "2475"]
[BlackElo "2592"]
[TimeControl "180+1"]
[EndTime "14:52:44 PDT"]
[Termination "maximnovik won by resignation"]

1. e4 Nc6 2. Nf3 d5 3. exd5 Qxd5 4. Nc3 Qa5 5. d4 Nf6 6. Bb5 Bd7 7. O-O a6 8. Bxc6 Bxc6 9. Ne5 Bd5 10. Bd2 O-O-O 11.
b4 Qb6 12. Nxd5 Rxd5 13. Nxf7 Rg8 14. Be3 Qxb4 15. Rb1 Qc4 16. Ne5 Qxa2 17. c4 Rd8 18.
Ra1 Qb2 19. Qd3 Nd7 20. Nxd7 Rxd7 21. Rfb1 1-0

[Event "Late-Titled-Tuesday-Blitz-May-07-2024"]
[Site "Chess.com"]
[Date "2024.05.07"]
[Round "5"]
[White "Giantgoogachess"]
[Black "maurovargas01"]
[Result "1-0"]
[WhiteElo "2273"]
[BlackElo "1965"]
[TimeControl "180+1"]
[EndTime "14:52:46 PDT"]
[Termination "Giantgoogachess won by checkmate"]

1. Nf3 c6 2. e3 d5 3. c4 dxc4 4. Bxc4 Nf6 5. d4 Bg4 6. Qb3 b5 7. Bxf7+ Kd7 8. Ne5+ Kc7 9. Nxg4 Nxg4 10. h3 Nf6 11.
Bd2 a5 12. a4 b4 13. O-O Kb7 14. Rc1 Nbd7 15. Na3 Rc8 16. Nc4 Nb6 17. Nxa5+ Ka6 18. Nxc6 Qd6 19. Nxb4+ Kb7 20. a5 Nbd7 21. a6+ Kb8 22.
a7+ Ka8 23. Rxc8+ Kb7 24. a8=Q+ Kb6 25. Nd5# 1-0

[Event "Late-Titled-Tuesday-Blitz-May-07-2024"]
[Site "Chess.com"]
[Date "2024.05.07"]
[Round "5"]
[White "jk13"]
[Black "Nicolik"]
[Result "1-0"]
[WhiteElo "2630"]
[BlackElo "2489"]
[TimeControl "180+1"]
[EndTime "14:52:53 PDT"]
[Termination "jk13 won by resignation"]

1. e4 c5 2. Nf3 Nc6 3. c3 d5 4. exd5 Qxd5 5. d4 Bf5 6. dxc5 Qxd1+ 7. Kxd1 e5 8. Be3 Nf6 9. Nbd2 Nd5 10. Nb3 Nxe3+ 11.
fxe3 a5 12. a4 Be6 13. Nfd2 Be7 14. Bc4 Bg4+ 15. Kc2 Bg5 16. e4 O-O 17. Rhf1 h6 18. Rae1 Bh5 19. Bd5 Bg6 20. Nc4 Rfe8 21. Nd6 Re7 22. Nxb7 Rxb7 23. Bxc6 Rab8 24. Bxb7 Rxb7 25. Nxa5 Ra7 26. b4 Bd8 27. Nc6 Ra8 28. Nxd8 Rxd8 29. b5 f6 30. c6 Ra8 31. b6 1-0

[Event "Late-Titled-Tuesday-Blitz-May-07-2024"]
[Site "Chess.com"]
[Date "2024.05.07"]
[Round "5"]
[White "PenguinPacks"]
[Black "kalxandria"]
[Result "1-0"]
[WhiteElo "2484"]
[BlackElo "2229"]
[TimeControl "180+1"]
[EndTime "14:52:53 PDT"]
[Termination "PenguinPacks won by resignation"]

1. e4 e6 2. d4 d5 3. e5 c5 4.
c3 Qb6 5. Nf3 Nc6 6. Bd3 cxd4 7.
O-O Bd7 8. Re1 Nge7 9. Nbd2 Nf5 10. c4 Nb4 11. Bxf5 exf5 12. cxd5 Nxd5 13. Nb3 Bb4 14. Bd2 O-O 15. Nbxd4 Be6 16. Bxb4 Qxb4 17. Ng5 Rfe8 18. Ndxe6 fxe6 19. Qh5 h6 20. Qf7+ Kh8 21. Nxe6 Qg4 22. h3 1-0

[Event "Late-Titled-Tuesday-Blitz-May-07-2024"]
[Site "Chess.com"]
[Date "2024.05.07"]
[Round "5"]
[White "Mariia89"]
[Black "betta2004"]
[Result "0-1"]
[WhiteElo "2217"]
[BlackElo "2480"]
[TimeControl "180+1"]
[EndTime "14:52:57 PDT"]
[Termination "betta2004 won by checkmate"]

1. d4 Nf6 2. Nf3 b6 3. Bg5 e6 4. e3 Bb7 5. Bd3 d5 6. Nbd2 Be7 7. c3 Ne4 8. Bxe7 Qxe7 9. Ne5 a6 10. Bxe4 dxe4 11.
Qg4 g6 12. h4 f5 13. Qg3 Nc6 14. Nxc6 Bxc6 15. Nc4 O-O-O 16. Ne5 Bd5 17. a4 c5 18. a5 b5 19. dxc5 Qxc5 20. Nf7 Bc4 21.
Nxh8 Qd5 22. f4 Qd2# 0-1

[Event "Late-Titled-Tuesday-Blitz-May-07-2024"]
[Site "Chess.com"]
[Date "2024.05.07"]
[Round "5"]
[White "Airquake"]
[Black "kemelgallo"]
[Result "1-0"]
[WhiteElo "2847"]
[BlackElo "2658"]
[TimeControl "180+1"]
[EndTime "14:52:58 PDT"]
[Termination "Airquake won by resignation"]

1. e4 c5 2. Nf3 d6 3. d4 cxd4 4.
Nxd4 Nf6 5. Nc3 Nc6 6. Be2 e5 7. Nb3 Be7 8. O-O O-O 9. Be3 Be6 10. f4 exf4 11. Bxf4 d5 12. exd5 Nxd5 13. Nxd5 Bxd5 14. Bf3 Qb6+ 15. Kh1 Bxf3 16. Qxf3 Bf6 17. c3 Ne5 18. Qg3 Nc4 19. Rf2 Rfe8 20. Raf1 a5 21. Bc7 Qc6 22. Rxf6 Re6 23. Rxf7 Rg6 24. Qf3 Qxf3 25. R7xf3 Nd2 26.
Nxd2 1-0

[Event "Late-Titled-Tuesday-Blitz-May-07-2024"]
[Site "Chess.com"]
[Date "2024.05.07"]
[Round "5"]
[White "Slovafn"]
[Black "Navyblue1"]
[Result "1-0"]
[WhiteElo "2428"]
[BlackElo "2235"]
[TimeControl "180+1"]
[EndTime "14:53:04 PDT"]
[Termination "Slovafn won by resignation"]

1. Nf3 c5 2. c4 g6 3. g3 Bg7 4.
Bg2 Nc6 5. O-O d6 6. Nc3 Nf6 7. d3 O-O 8. a3 Rb8 9. Rb1 Nd7 10. Bd2 a6 11. b4 cxb4 12. axb4 b5 13. cxb5 axb5 14. Qc1 Nce5 15. Bh6 Bb7 16. Bxg7 Kxg7 17. Nd4 Bxg2 18. Kxg2 Qb6 19. Ncxb5 Rfc8 20. Qe3 Nf6 21.
Rfc1 Qb7+ 22. f3 Qb6 23. Rxc8 Rxc8 24. Nf5+ gxf5 25. Qxb6 1-0

[Event "Late-Titled-Tuesday-Blitz-May-07-2024"]
[Site "Chess.com"]
[Date "2024.05.07"]
[Round "5"]
[White "GoltsevDmitry2000"]
[Black "TheDiscoOne"]
[Result "1-0"]
[WhiteElo "2746"]
[BlackElo "2520"]
[TimeControl "180+1"]
[EndTime "14:53:25 PDT"]
[Termination "GoltsevDmitry2000 won on time"]

1. e4 c5 2. Nf3 g6 3. d4 cxd4 4.
Qxd4 Nf6 5. Nc3 Nc6 6. Qa4 d6 7. e5 dxe5 8. Nxe5 Bd7 9. Nxd7 Nxd7 10. Bb5 Qc8 11. O-O Bg7 12. Nd5 a6 13. Re1 e6 14.
Bf4 axb5 15. Nc7+ Qxc7 16. Qxa8+ Qd8 17. Qxb7 Qb6 18. Qc8+ Nd8 19. Bc7 1-0

[Event "Late-Titled-Tuesday-Blitz-May-07-2024"]
[Site "Chess.com"]
[Date "2024.05.07"]
[Round "5"]
[White "Narek_Ghimoyan"]
[Black "Squirlolz"]
[Result "1-0"]
[WhiteElo "2423"]
[BlackElo "2569"]
[TimeControl "180+1"]
[EndTime "14:53:30 PDT"]
[Termination "Narek_Ghimoyan won by resignation"]

1. d4 a5 2. c4 a4 3. a3 Nf6 4. Nc3 c5 5. d5 e6 6. e4 exd5 7. cxd5 Qa5 8. Bd2 d6 9. Nxa4 Qxa4 10. Qxa4+ Rxa4 11. Bb5+ Bd7 12. Bxa4 Bxa4 13. f3 g6 14. Ne2 Bg7 15. Nc3 Bd7 16. b4 cxb4 17. axb4 Na6 18. b5 Nc5 19. Ra8+ Ke7 20. Rxh8 Bxh8 21.
Kf2 Ne8 22. Ne2 Bxb5 23. Rb1 Ba6 24. Be3 Nd3+ 25. Kf1 Nc7 26. Nd4 Nb2+ 27. Kg1 Nc4 28. Bf2 Kd7 29. h4 b5 30. Ra1 b4 31. Rb1 Ne5 32.
Rxb4 Nd3 33. Ra4 Nxf2 34. Kxf2 Bc8 35. Nc6 Bb7 36. Nb8+ Kc8 37. Nc6 Bxc6 38. dxc6 Ne6 39. Ra8+ Kc7 40. Rxh8 1-0

[Event "Late-Titled-Tuesday-Blitz-May-07-2024"]
[Site "Chess.com"]
[Date "2024.05.07"]
[Round "5"]
[White "crescentmoon2411"]
[Black "Ditman2007"]
[Result "1-0"]
[WhiteElo "2883"]
[BlackElo "2693"]
[TimeControl "180+1"]
[EndTime "14:53:37 PDT"]
[Termination "crescentmoon2411 won by resignation"]

1. d4 Nf6 2. c4 c5 3. d5 b5 4. cxb5 a6 5. bxa6 g6 6. Nc3 Bg7 7. e4 O-O 8. Nf3 Qa5 9. Bd2 d6 10. Be2 Bxa6 11. O-O Bxe2 12. Qxe2 Qa6 13. Rfe1 Nfd7 14. Bg5 Re8 15. Nb5 Qb6 16. a4 Na6 17. Nd2 Nc7 18. Nc4 Qb7 19. Ncxd6 exd6 20. Nxd6 Qxb2 21. Qxb2 Bxb2 22. Nxe8 Rxe8 23. Ra2 Bc3 24. Rc1 Bd4 25. d6 Na6 26. Be7 Rc8 27. Rd2 f6 28. Rxd4 cxd4 29. Rxc8+ Kf7 30. Kf1 Ke6 31. a5 Ndc5 32.
d7 Nxd7 33. Rc6+ Kxe7 34. Rxa6 Nc5 35. Rc6 Nxe4 36. a6 d3 37. a7 1-0

[Event "Late-Titled-Tuesday-Blitz-May-07-2024"]
[Site "Chess.com"]
[Date "2024.05.07"]
[Round "5"]
[White "ab-lsv"]
[Black "cycygogne"]
[Result "0-1"]
[WhiteElo "2373"]
[BlackElo "2178"]
[TimeControl "180+1"]
[EndTime "14:53:37 PDT"]
[Termination "cycygogne won by checkmate"]

1. d4 Nf6 2. c4 c5 3. d5 e6 4. Nc3 exd5 5. cxd5 d6 6. e4 g6 7. Be2 a6 8. a4 Bg7 9. Nf3 O-O 10. Be3 Re8 11. Nd2 Nbd7 12. O-O Ne5 13. h3 c4 14. Qc2 Nh5 15. Nxc4 Qh4 16. Nxd6 Bxh3 17. Nxe8 Rxe8 18. Qd2 h6 19. Bxh6 Bxh6 20. Qxh6 Bxg2 21. Bxh5 Qh1# 0-1

[Event "Late-Titled-Tuesday-Blitz-May-07-2024"]
[Site "Chess.com"]
[Date "2024.05.07"]
[Round "5"]
[White "MagnusCarlsen"]
[Black "DrVelja"]
[Result "1-0"]
[WhiteElo "3216"]
[BlackElo "2993"]
[TimeControl "180+1"]
[EndTime "14:53:41 PDT"]
[Termination "MagnusCarlsen won by resignation"]

1. e4 c5 2. Nf3 Nc6 3. Bb5 e6 4. O-O Nge7 5. Re1 Nd4 6. Bf1 Nxf3+ 7. Qxf3 Nc6 8. c3 Be7 9. d3 O-O 10. Nd2 d5 11. g3 d4 12. e5 Qc7 13. Qe4 b6 14.
Bg2 Bb7 15. c4 Rad8 16. a3 a6 17. h4 b5 18. b3 Na5 19. Qg4 Bxg2 20. Kxg2 bxc4 21.
bxc4 Rb8 22. Nf3 Kh8 23. Bd2 Nb3 24. Rab1 Nxd2 25. Nxd2 Rxb1 26. Rxb1 Qxe5 27. Rb7 f5 28. Qf3 Bd6 29. Qc6 Rd8 30. Rd7 1-0

[Event "Late-Titled-Tuesday-Blitz-May-07-2024"]
[Site "Chess.com"]
[Date "2024.05.07"]
[Round "5"]
[White "NelsonLinda"]
[Black "Road2GM3000"]
[Result "1-0"]
[WhiteElo "2620"]
[BlackElo "2470"]
[TimeControl "180+1"]
[EndTime "14:53:42 PDT"]
[Termination "NelsonLinda won by resignation"]

1. d4 d5 2. Nf3 c6 3. c4 Nf6 4. e3 a6 5. b3 Bf5 6. Bd3 Bxd3 7. Qxd3 e6 8. O-O Nbd7 9. Nc3 Bd6 10. e4 dxe4 11. Nxe4 Nxe4 12. Qxe4 O-O 13. Bg5 Qc7 14. Rad1 h6 15. Be3 Nf6 16. Qh4 Rad8 17. Bxh6 gxh6 18. Qxf6 Kh7 19. Qh4 Rg8 20. Rfe1 Rg7 21. g3 Rdg8 22. Kg2 Rg4 23. Qh5 Bxg3 24. hxg3 Rxg3+ 25. Kf1 R3g6 26. Qe5 Qe7 27. d5 Rf6 28. Re3 Rf5 29. Qe4 cxd5 30. cxd5 Qf6 31. dxe6 fxe6 32. Nd4 1-0

[Event "Late-Titled-Tuesday-Blitz-May-07-2024"]
[Site "Chess.com"]
[Date "2024.05.07"]
[Round "5"]
[White "GlavkonVVS"]
[Black "Chessdreamer2020"]
[Result "0-1"]
[WhiteElo "2667"]
[BlackElo "2524"]
[TimeControl "180+1"]
[EndTime "14:53:44 PDT"]
[Termination "Chessdreamer2020 won by resignation"]

1. c4 d6 2. Nc3 e5 3. g3 Nc6 4.
Bg2 g6 5. d3 Bg7 6. Nf3 Be6 7.
Rb1 h6 8. O-O Qd7 9. b4 Bh3 10.
b5 Nd8 11. Bxh3 Qxh3 12. Nd5 Ne6 13. Qa4 b6 14. Ba3 Nf6 15. Nxc7+ Nxc7 16. Bxd6 Ne6 17.
c5 Ng4 18. Qe4 Rd8 19. Qc6+ Rd7 20. Rb4 h5 21. cxb6 Ng5 22. Ra4 Nxf3+ 0-1

[Event "Late-Titled-Tuesday-Blitz-May-07-2024"]
[Site "Chess.com"]
[Date "2024.05.07"]
[Round "5"]
[White "TanitoluwaAps116"]
[Black "Mikhal867"]
[Result "1-0"]
[WhiteElo "2735"]
[BlackElo "2519"]
[TimeControl "180+1"]
[EndTime "14:53:52 PDT"]
[Termination "TanitoluwaAps116 won by resignation"]

1. e4 g6 2. d4 Bg7 3. Nc3 d6 4. Be3 a6 5. Qd2 b5 6. Nf3 Nd7 7. h4 Ngf6 8. Bh6 Bxh6 9. Qxh6 b4 10. Nd5 Nxe4 11. Qg7 Rf8 12. Ng5 Nxg5 13. hxg5 e6 14.
Nf6+ Nxf6 15. gxf6 h5 16. g4 hxg4 17. Qxf8+ 1-0

[Event "Late-Titled-Tuesday-Blitz-May-07-2024"]
[Site "Chess.com"]
[Date "2024.05.07"]
[Round "5"]
[White "finec2"]
[Black "stasOR4ik"]
[Result "0-1"]
[WhiteElo "2283"]
[BlackElo "2469"]
[TimeControl "180+1"]
[EndTime "14:53:56 PDT"]
[Termination "stasOR4ik won by resignation"]

1. e4 e6 2. d4 d5 3. e5 c5 4.
c3 Nc6 5. Nf3 f6 6. exf6 Nxf6 7.
Bf4 cxd4 8. cxd4 Bb4+ 9. Nc3 O-O 10. Bg5 h6 11. Bxf6 Qxf6 12. Be2 Bd7 13. O-O Rae8 14.
Rc1 a6 15. a3 Bd6 16. Bd3 Kh8 17. Bb1 e5 18. Nxd5 Qe6 19. dxe5 Nxe5 20. Nxe5 Qxe5 21. f4 Qe2 22. Nb6 Qe3+ 23. Kh1 Qxb6 0-1

[Event "Late-Titled-Tuesday-Blitz-May-07-2024"]
[Site "Chess.com"]
[Date "2024.05.07"]
[Round "5"]
[White "ansko1999"]
[Black "super_emi_26"]
[Result "0-1"]
[WhiteElo "2663"]
[BlackElo "2854"]
[TimeControl "180+1"]
[EndTime "14:53:57 PDT"]
[Termination "super_emi_26 won by resignation"]

1. c4 c6 2. Nf3 d5 3. e3 Nf6 4. d4 g6 5. Nc3 Bg7 6. Qb3 O-O 7. a4 Qb6 8. Qxb6 axb6 9. cxd5 Nxd5 10. Nxd5 cxd5 11. Bb5 Bd7 12. Bxd7 Nxd7 13. Bd2 e5 14. Bb4 Rfc8 15. Kd2 Rc4 16. Bc3 e4 17. Ne5 Bxe5 18. dxe5 Nc5 19. Ra3 Rcxa4 20. Rxa4 Rxa4 21.
Kc2 Kf8 22. Rd1 Nd3 23. f4 h5 24. Bd4 b5 25. Kb3 Ke7 26. g3 Ke6 27. h3 Nf2 28. Rc1 Rc4 29. Ra1 Nxh3 30. Ra5 Ng1 31. Rxb5 Ne2 32. Rb6+ Kf5 33. Rf6+ Kg4 34. Rxf7 Nxd4+ 35. exd4 e3 36. f5 e2 37. fxg6 e1=Q 38. g7 Qd1+ 0-1